 Dungeon Crawl Stone Soup version 0.31-a0-1589-g8f5e8aebd6 (webtiles) character file.

Game seed: 17333329054525593362

33233 Quindar the Severer (level 13, 0/122 HPs)
             Began as a Minotaur Berserker on Jan 5, 2024.
             Was the Champion of Trog.
             Slain by a large abomination (22 damage)
             ... on level 5 of the Lair of Beasts.
             The game lasted 00:13:27 (13145 turns).

Quindar the Severer (Minotaur Berserker)           Turns: 13145, Time: 00:13:28

Health: 0/122      AC: 10    Str: 30    XL:     13   Next: 35%
Magic:  12/12      EV: 11    Int:  6    God:    Trog [******]
Gold:   891        SH: 15    Dex: 11    Spells: 12/12 levels left

rFire   . . .        a - +2 broad axe (flame)
rCold   . . .        c - +0 kite shield
rNeg    + . .        b - +0 plate armour
rPois   .            (helmet restricted)
rElec   .            J - scarf {repulsion}
rCorr   .            x - +0 pair of gloves
SInv    .            n - +0 pair of boots
Will    .....        w - amulet of reflection Stlth
                     E - +6 ring of strength
HPRegen 0.40/turn    C - ring of positive energy
MPRegen 0.13/turn

%: repel missiles, reflection
@: about to teleport, corroded, on berserk cooldown, slowed, very slow
A: horns 2, retaliatory headbutt
a: Renounce Religion, Berserk, Trog's Hand, Brothers in Arms


You were on level 5 of the Lair of Beasts.
You worshipped Trog.
Trog was exalted by your worship.
You visited 2 branches of the dungeon, and saw 14 of its levels.
You also visited: Sewer.

You collected 891 gold pieces.

Inventory:

Hand Weapons
 a - a +2 broad axe of flaming (weapon)
Missiles
 e - a throwing net
Armour
 b - a +0 plate armour (worn)
 c - a +0 kite shield (worn)
 n - a +0 pair of boots (worn)
 x - a +0 pair of gloves (worn)
 J - a scarf of repulsion (worn)
Jewellery
 w - an amulet of reflection (around neck)
 C - a ring of positive energy (right hand)
 E - a +6 ring of strength (left hand)
 G - a ring of fire
Wands
 u - a wand of mindburst (6)
 y - a wand of charming (15)
 F - a wand of flame (42)
 H - a wand of iceblast (5)
Scrolls
 f - 6 scrolls of enchant weapon
 j - 4 scrolls of teleportation
 q - 2 scrolls of noise
 r - 4 scrolls of enchant armour
 v - a scroll of silence
 B - a scroll of poison
 K - 2 scrolls of fear {unknown}
Potions
 d - 2 potions of heal wounds
 g - 3 potions of haste {unknown}
 h - 4 potions of mutation {unknown}
 i - 8 potions of curing {unknown}
 k - a potion of magic {unknown}
 l - a potion of ambrosia {unknown}
 m - 2 potions of invisibility {unknown}
 o - 2 potions of resistance {unknown}
 p - 3 potions of berserk rage {unknown}
 s - 3 potions of attraction {unknown}
 z - 2 potions of enlightenment {unknown}
 A - 3 potions of cancellation {unknown}
 D - a potion of lignification {unknown}
 I - 4 potions of brilliance {unknown}
 L - a potion of degeneration {unknown}


   Skills:
 + Level 13.4 Fighting
 * Level 16.1 Axes
 + Level 11.7 Armour
 + Level 10.5 Dodging
 + Level 9.8 Shields


You had 12 spell levels left.
You didn't know any spells.
Your spell library was empty.

Dungeon Overview and Level Annotations

Branches:
Dungeon (9/15)             Temple (0/1) D:6            Lair (5/5) D:9
 Shoals (0/4) Lair:3       Spider (0/4) Lair:2        Sewer (visited)
  Slime: Lair:4-5       Orc: D:9-12

Altars:
Ashenzari
Dithmenos
Elyvilon
Trog
Xom
Zin
The Shining One

Annotations:
D:9 1 transporter
Lair:4 3 runed translucent doors, Iwannabefree's ghost, journeyman HuFE


Innate Abilities, Weirdness & Mutations

You have a pair of horns on your head.
You reflexively headbutt those who attack you in melee.


Message History

The large abomination is moderately damaged.
The large abomination hits you!!
* * * LOW HITPOINT WARNING * * *
Unknown command.
You hit the large abomination but do no damage.
The large abomination is moderately damaged.
Unknown command.
You hit the large abomination but do no damage.
You headbutt the large abomination!
The large abomination is heavily damaged.
You block the large abomination's attack.
Unknown command.
You hit the large abomination but do no damage.
The large abomination is heavily damaged.
Unknown command.
You slash the large abomination! You burn the large abomination.
Your headbutt misses the large abomination.
The large abomination is severely damaged.
The large abomination hits you!!
* * * LOW HITPOINT WARNING * * *
Unknown command.
You hit the large abomination but do no damage.
You headbutt the large abomination.
The large abomination is severely damaged.
You block the large abomination's attack.
Unknown command.
You feel a strong urge to attack something.
You are no longer berserk.
You are exhausted.
You feel yourself slow down.
You feel much better. The large abomination hits you!!
* * * LOW HITPOINT WARNING * * *
Unknown command.
Blink to where?
Press: ? - help, Dir - move target
As you read the scroll of blinking, it crumbles to dust.
As you read the scroll of teleportation, it crumbles to dust.
You feel strangely unstable.
You feel much better. The large abomination hits you!!
You die...

♣♣♣ ♣♣♣♣ ♣♣♣♣♣♣# .
)÷..♣♣..♣♣♣♣.....## ..
♣.........).....## ...
♣♣♣♣.......♣♣♣...#P...
♣♣.@♣♣♣♣♣ ♣.........
♣♣♣.♣.X♣♣ ♣♣.P.P.....
♣.......♣♣ ♣♣♣....#.....
.....♣♣♣..♣♣♣<.......P...
♣.♣♣♣ ♣♣X.♣♣♣÷......#...
♣ ♣♣..♣♣..........##
♣♣..♣♣♣........### ♣..♣♣
♣..###..... ♣♣ ♣♣♣..♣
♣.## #..###


You could see a large abomination.

Vanquished Creatures
  2 hydras
  3 thrashing horrors (Lair:5)
  A skyshark (Lair:3)
  4 lindwurms (Lair:2)
  Pikel (D:4)
  2 ugly things (Lair:5)
  A merfolk siren (Lair:3)
  2 smoke demons (Lair:5)
  4 black mambas
  5 cane toads
  A kobold demonologist (D:8)
  4 komodo dragons
  Psyche (D:8)
  A rime drake (Lair:2)
  2 raiju (Lair:5)
  15 blink frogs
  A jumping spider (Lair:2)
  A ynoxinul (Lair:5)
  6 small abominations (Lair:5)
  3 wyverns
  62 yaks
  Eustachio (D:4)
  A fire bat (D:6)
  Grum (D:8)
  3 redbacks (Lair:2)
  4 basilisks
  A steam dragon (D:9)
  Menkaure (D:5)
  7 water moccasins
  3 orc warriors
  4 black bears
  An ice beast (D:8)
  11 wolves
  3 centaurs
  2 phantoms
  3 lemures (D:4)
  2 kobold brigands
  13 bullfrogs
  2 gnoll sergeants
  4 scorpions
  13 wights
  2 killer bees (D:9)
  3 howler monkeys
  A bombardier beetle (D:4)
  2 jellies (D:6)
  5 orc priests
  2 hounds
  3 gnoll boudas
  4 sleepcaps
  3 iguanas
  8 orc wizards
  Natasha (thrice) (D:3)
  15 adders
  22 gnolls
  8 dart slugs
  2 ribbon worms
  16 orcs
  7 ball pythons
  9 endoplasms
  16 giant cockroaches
  3 goblins
  13 hobgoblins
  2 jackals (D:1)
  20 kobolds
  3 quokkas
  6 bats
  13 frilled lizards
  6 rats
399 creatures vanquished.

Vanquished Creatures (collateral kills)
  2 killer bees (D:9)
  An orc priest (D:9)
  2 orc wizards (D:9)
  An orc (D:9)
6 creatures vanquished.

Vanquished Creatures (others)
  4 kobolds
4 creatures vanquished.

Grand Total: 409 creatures vanquished

Notes
Turn   | Place    | Note
-------+----------+-------------------------------------------
     0 | D:1      | Quindar the Minotaur Berserker began the quest for the Orb.
     0 | D:1      | Reached XP level 1. HP: 19/19 MP: 0/0
    46 | D:1      | Reached XP level 2. HP: 27/27 MP: 1/1
   364 | D:1      | Reached skill level 4 in Axes
   500 | D:1      | Reached XP level 3. HP: 33/33 MP: 2/2
   596 | D:1      | Reached ** piety under Trog
  1235 | D:2      | Reached XP level 4. HP: 36/41 MP: 3/3
  1825 | D:3      | Noticed Natasha
  1832 | D:3      | Killed Natasha
  1988 | D:3      | Identified the +8 hand axe of the Eternal Warrior {freeze,
                  | rN+}
  2034 | D:3      | Noticed Natasha
  2039 | D:3      | Killed Natasha
  2040 | D:3      | Reached XP level 5. HP: 30/47 MP: 4/4
  2105 | D:3      | Found a bloodstained altar of Trog.
  2318 | D:3      | Reached skill level 5 in Fighting
  2362 | D:3      | Noticed Natasha
  2368 | D:3      | Killed Natasha
  2369 | D:3      | Reached skill level 5 in Axes
  2406 | D:3      | Reached *** piety under Trog
  2662 | D:4      | Noticed a phantom
  2670 | D:4      | Killed a phantom
  2671 | D:4      | Reached XP level 6. HP: 51/56 MP: 5/5
  2813 | D:4      | Identified the +0 scale mail of Faokuaj {rCorr}
  2840 | D:4      | Noticed Pikel
  2849 | D:4      | Killed Pikel
  2850 | D:4      | Reached skill level 6 in Axes
  2850 | D:4      | Reached XP level 7. HP: 48/64 MP: 6/6
  3133 | D:4      | Noticed Eustachio
  3142 | D:4      | Killed Eustachio
  3143 | D:4      | Reached skill level 7 in Axes
  3143 | D:4      | Reached skill level 5 in Armour
  3173 | D:4      | Reached XP level 8. HP: 68/73 MP: 7/7
  3466 | D:5      | Entered Level 5 of the Dungeon
  3641 | D:5      | Reached skill level 8 in Axes
  3780 | D:5      | Found a glowing drain.
  3858 | D:5      | Reached skill level 5 in Dodging
  3859 | D:5      | Reached **** piety under Trog
  3864 | Sewer    | Entered a sewer
  4336 | D:5      | Noticed Menkaure
  4689 | D:5      | Killed Menkaure
  4903 | D:6      | Reached skill level 1 in Shields
  4999 | D:6      | Found a shimmering altar of Xom.
  5008 | D:6      | Reached XP level 9. HP: 71/82 MP: 8/8
  5197 | D:6      | Found a white marble altar of Elyvilon.
  5215 | D:6      | Reached skill level 9 in Axes
  5382 | D:6      | Reached ***** piety under Trog
  5505 | D:6      | Found a staircase to the Ecumenical Temple.
  5575 | D:6      | Found a glowing silver altar of Zin.
  5576 | D:6      | Found a glowing golden altar of the Shining One.
  6561 | D:7      | Found a shadowy altar of Dithmenos.
  6720 | D:8      | Noticed Psyche
  6726 | D:8      | Killed Psyche
  6727 | D:8      | Reached skill level 10 in Fighting
  6727 | D:8      | Reached skill level 10 in Axes
  6841 | D:8      | Reached XP level 10. HP: 80/93 MP: 9/9
  7174 | D:8      | Noticed Grum
  7184 | D:8      | Killed Grum
  7185 | D:8      | Reached skill level 11 in Axes
  7418 | D:8      | Reached skill level 5 in Shields
  7603 | D:8      | Found a broken altar of Ashenzari.
  7816 | D:9      | Received a gift from Trog
  7817 | D:9      | Reached skill level 12 in Axes
  7844 | D:9      | Found a staircase to the Lair.
  7849 | D:9      | Reached XP level 11. HP: 55/102 MP: 10/10
  7856 | D:9      | Found a transporter.
  7946 | Lair:1   | Entered Level 1 of the Lair of Beasts
  8318 | Lair:1   | Reached skill level 13 in Axes
  9263 | Lair:2   | You fall into a shaft and drop 2 floors!
  9390 | Lair:4   | Found a runed translucent gate.
  9391 | Lair:4   | Found a runed translucent gate.
  9601 | Lair:4   | Reached skill level 10 in Armour
  9613 | Lair:4   | Reached XP level 12. HP: 78/112 MP: 11/11
  9870 | Lair:4   | Found a runed translucent gate.
  9870 | Lair:4   | Noticed a catoblepas
  9870 | Lair:4   | Noticed Iwannabefree's ghost (journeyman HuFE)
  9873 | Lair:4   | Noticed a minotaur
 10207 | Lair:2   | Reached skill level 14 in Axes
 10298 | Lair:2   | Reached ****** piety under Trog
 10299 | Lair:2   | Received a gift from Trog
 10494 | Lair:2   | Found a hole to the Spider Nest.
 11405 | Lair:3   | Reached skill level 15 in Axes
 11549 | Lair:3   | Reached skill level 10 in Dodging
 11569 | Lair:3   | Noticed a seven-headed hydra
 11578 | Lair:3   | Killed a three-headed hydra
 11699 | Lair:3   | Found a staircase to the Shoals.
 11863 | Lair:3   | Reached XP level 13. HP: 109/122 MP: 12/12
 12835 | Lair:5   | Entered Level 5 of the Lair of Beasts
 12879 | Lair:5   | Received a gift from Trog
 13117 | Lair:5   | Reached skill level 16 in Axes
 13134 | Lair:5   | HP: 2/183 [large abomination (25)]
 13139 | Lair:5   | HP: 4/122 [large abomination (19)]
 13145 | Lair:5   | Slain by a large abomination

Illustrated notes

Levels and vault maps discovered:
D:1:      saegor_arrival_simple_d, layout_loops_ring, minmay_gold_behind_fungi
D:2:      layout_basic
D:3:      layout_basic, trog_three_pillars_becter, minivault_11,
          dk_noncrumbling_3, hex_intersection, uniq_natasha
D:4:      layout_cave_pools, serial_park, serial_park_tiny_pond,
          serial_park_tiny_1, serial_park_tiny_pond, serial_park_paths
          [serial_park_minivault_5x5_8], serial_park_square3
          [serial_park_minivault_5x5_3], uniq_pikel, uniq_eustachio
D:5:      layout_cave_pools, gup_sewer_entry_glass, roderic_roman_lattice,
          uniq_menkaure
D:6:      layout_loops_corners, regret_index_xom_of_box,
          mainiacjoe_overflow_brackets, mainiacjoe_overflow_divided_tiny,
          minmay_temple_entry_grid, kennysheep_generic_room_11
D:7:      layout_loops_ring, grunt_dithmenos_smoke, minmay_misc_feat_iff,
          kennysheep_crisscross
D:8:      minmay_general_purpose_star, layout_cave_pools,
          cheibrodos_ashenzari_chains, uniq_grum, uniq_psyche
D:9:      layout_irregular_city, gammafunk_temple_of_torment,
          lemuel_round_altar, due_lair_maze_entry_diamond, grunt_ogre_cave
Lair:1:   layout_layer_cave, cheibrodos_lair_reptile_den
Lair:2:   layout_regular_city, spider_nest_entry_a,
          portal_ice_cave_entry_pillars_1, minmay_lindwurm_lava,
          lemuel_fruit_tree
Lair:3:   layout_loops_ring, minmay_shoals_entry_lonely_mermaid
Lair:4:   layout_cellular_growth, maelrawn_ghost_gauntlet_escape
Lair:5:   hellmonk_lair_end_abyssal_woods, layout_cave_pods, slime_entry_1,
          grunt_forest_large_clearings, serial_bayou_shore_b, grunt_megastairs_4

Skill      XL: |  1  2  3  4  5  6  7  8  9 10 11 12 13 |
---------------+----------------------------------------+-----
Fighting       | 4 5 6 7 8 10 11 12 13 | 13.4
Axes           | 4 5 6 7 8 10 12 13 15 16 | 16.1
Armour         | 3 4 5 6 7 8 10 11 | 11.7
Dodging        | 3 4 5 6 7 8 10 | 10.5
Shields        | 1 4 5 7 9 |  9.8

Action                     |  1- 3 |  4- 6 |  7- 9 | 10-12 | 13-15 || total
---------------------------+-------+-------+-------+-------+-------++-------
  Melee: Hand axe          |    88 |    76 |   245 |   112 |       ||   521
         Headbutt          |     8 |    12 |    39 |    81 |    32 ||   172
         Punch             |     1 |     1 |       |       |       ||     2
         Broad axe         |       |       |       |   304 |    88 ||   392
 Invoke: Berserk           |       |       |       |     1 |     1 ||     2
         Trog's Hand       |       |       |       |     1 |       ||     1
         Brothers in Arms  |       |       |       |     1 |       ||     1
  Evoke: Wand              |       |       |       |    13 |       ||    13
    Use: Scroll            |       |       |     7 |     5 |     2 ||    14
         Potion            |       |       |       |       |     2 ||     2
   Stab: Sleeping          |     3 |       |       |       |       ||     3
 Armour: Animal skin       |    45 |     5 |       |       |       ||    50
         Ring mail         |       |    34 |       |       |       ||    34
         Scale mail        |       |     7 |   128 |       |       ||   135
         Plate armour      |       |       |    34 |   228 |    56 ||   318
  Dodge: Dodged            |    52 |    44 |   114 |   117 |    20 ||   347
         Repelled          |       |       |       |     1 |       ||     1
  Block: Buckler           |       |       |    50 |    24 |       ||    74
         Reflection        |       |       |     2 |     2 |       ||     4
         Kite shield       |       |       |       |   268 |    72 ||   340

Table legend: (Time is in decaauts)
 A = Elapsed time spent in this place.
 B = Non-inter-level travel time spent in this place.
 C = Inter-level travel time spent in this place.
 D = Time resting spent in this place.
 E = Time spent auto-exploring this place.
 F = Levels seen in this place.
 G = Mean time per level.
                   A        B        C        D        E       F      G
               +--------+--------+--------+--------+--------+-----+--------+
         Total |  13208 |  12939 |    269 |    840 |   9889 |  15 |  880.5 |
       Dungeon |   7490 |   7357 |    133 |    266 |   5823 |   9 |  832.2 |
          Lair |   5187 |   5051 |    136 |    574 |   3760 |   5 | 1037.4 |
         Sewer |    530 |    530 |      0 |      0 |    306 |   1 |  530.0 |
               +--------+--------+--------+--------+--------+-----+--------+

Top non-repeatable levels by time:
  Lair:2: 1334 daAuts
  Lair:4: 1321 daAuts
  Lair:1: 1209 daAuts
     D:8: 1069 daAuts
  Lair:3: 1022 daAuts
     D:4: 1012 daAuts
     D:6: 992 daAuts
     D:2: 991 daAuts
     D:3: 872 daAuts
     D:1: 817 daAuts
     D:7: 816 daAuts
     D:5: 770 daAuts
   Sewer: 530 daAuts
  Lair:5: 298 daAuts
     D:9: 149 daAuts
